 Dungeon Crawl Stone Soup version 0.29-a0-813-g4a14ea37d6 (webtiles) character file.

Game seed: 11768142916591614516

16 polve the Trooper (level 2, 0/24 HPs)
             Began as a Demonspawn Abyssal Knight on July 4, 2022.
             Was a Believer of Lugonu.
             Slain by an adder (1 damage)
             ... on level 2 of the Dungeon.
             The game lasted 00:00:39 (1427 turns).

polve the Trooper (Demonspawn Abyssal Knight)       Turns: 1427, Time: 00:00:39

Health: 0/24       AC:  3    Str: 13    XL:     2   Next: 41%
Magic:  3/3        EV: 11    Int: 11    God:    Lugonu [**....]
Gold:   42         SH:  0    Dex: 13    Spells: 1/1 levels left

rFire   . . .      SeeInvis .   a - +1 short sword
rCold   . . .      Faith    .   (no shield)
rNeg    . . .      Spirit   .   b - +0 leather armour
rPois   .          Reflect  .   (no helmet)
rElec   .          Harm     .   (no cloak)
rCorr   .          Rampage  .   (no gloves)
Will    .....                   (no boots)
Stlth   +.........              (no amulet)
HPRegen 0.08/turn               (no ring)
MPRegen 0.08/turn               (no ring)

@: no status effects
A: claws 1
a: Renounce Religion, Depart the Abyss, Bend Space


You were on level 2 of the Dungeon.
You worshipped Lugonu.
Lugonu was pleased with you.
You visited 1 branch of the dungeon, and saw 2 of its levels.
You visited the Abyss 1 time.

You collected 42 gold pieces.

Inventory:

Hand Weapons
 a - a +1 short sword (weapon)
Armour
 b - a +0 leather armour (worn)
Jewellery
 j - a ring of flight
Scrolls
 e - 2 scrolls of identify {unknown}
 f - a scroll of torment {unknown}
 h - a scroll of enchant armour {unknown}
 i - a scroll of teleportation {unknown}
 l - a scroll of blinking {unknown}
Potions
 c - 2 potions of brilliance {unknown}
 d - 2 potions of lignification {unknown}
 g - a potion of might {unknown}
 k - a potion of magic {unknown}


   Skills:
 - Level 3.0 Fighting
 + Level 2.8 Short Blades
 - Level 1.7 Armour
 - Level 0.8 Dodging
 - Level 2.4 Invocations


You had one spell level left.
You didn't know any spells.
Your spell library was empty.

Dungeon Overview and Level Annotations

Branches:
Dungeon (2/15)

Altars:
Dithmenos


Innate Abilities, Weirdness & Mutations

You have sharp fingernails.


Message History

Found a scroll labelled WIZ ZAIPAUZO.
Found a shadowy altar of Dithmenos.
There is a stone staircase leading up here.
There is a shadowy altar of Dithmenos here.
An adder comes into view.
Found a stone staircase leading down.
The adder hisses angrily.
An adder is nearby!
The adder closely misses you. The adder bites you but does no damage.
The adder bites you but does no damage. The adder closely misses you.
The adder barely misses you. The adder bites you. The adder closely misses you.
The adder barely misses you. The adder closely misses you.
The adder misses you. The adder bites you but does no damage.
The adder misses you. The adder bites you but does no damage.
The adder closely misses you. The adder bites you but does no damage.
The adder bites you but does no damage. The adder closely misses you.
The adder bites you. The adder barely misses you. x2
The adder bites you.
You are poisoned.
The adder poisons you!
You feel sick. The adder closely misses you.
You feel sick. The adder bites you. x2
You feel sick. The adder bites you.
* * * LOW HITPOINT WARNING * * *
You feel sick. The adder closely misses you.
You feel sick. The adder barely misses you. x2
You feel sick.
You are no longer poisoned.
The adder closely misses you. The adder bites you.
* * * LOW HITPOINT WARNING * * *
The adder bites you.
* * * LOW HITPOINT WARNING * * *
The adder bites you.
You die...

##############
#........<...#
#####.#......###.#
.........._..###.
#....?@.........#
#.###S#.......≈≈≈
#.###.##..≈... #.
#+# ..≈≈≈≈ #.
....#. .. ....# .>
#.# #.


You could see an adder.

Vanquished Creatures
  A dart slug (D:1)
  3 endoplasms (D:1)
  A giant cockroach (D:1)
  A goblin (D:1)
  A hobgoblin (D:1)
  3 jackals (D:1)
  A ball python (D:1)
  A frilled lizard (D:1)
12 creatures vanquished.

Notes
Turn   | Place    | Note
-------+----------+-------------------------------------------
     0 | Abyss:1  | polve the Demonspawn Abyssal Knight began the quest for the
                  | Orb.
     0 | Abyss:1  | Reached XP level 1. HP: 18/18 MP: 2/2
    21 | Abyss:1  | Found a corrupted altar of Lugonu.
    56 | D:1      | Escaped the Abyss
   208 | D:1      | Reached ** piety under Lugonu
   605 | D:1      | Gained mutation: You have sharp fingernails. [demonic
                  | ancestry]
   605 | D:1      | Reached XP level 2. HP: 21/24 MP: 3/3
  1393 | D:2      | Found a shadowy altar of Dithmenos.
  1426 | D:2      | HP: 1/24 [adder (1)]
  1427 | D:2      | Slain by an adder

Illustrated notes

Levels and vault maps discovered:
D:1:      mainiacjoe_arrival_reflecting_pool, layout_loops_corners,
          chequers_hall_statues_y, minmay_crystal_room
D:2:      layout_basic, dreamdust_ecumenical_altar_statues, basic_altar,
          chequers_serial_rivers_micro_d

Skill      XL: |  1 |
---------------+----+-----
Short Blades   | 2 |  2.8
Fighting       | |  3.0
Armour         | |  1.7
Dodging        | |  0.8
Invocations    | |  2.4

Action                   || total
-------------------------++-------
Melee: Short sword       ||    45
Invok: Depart the Abyss  ||     1
Armor: Leather armour    ||    18
Dodge: Dodged            ||    39

Table legend: (Time is in decaauts)
 A = Elapsed time spent in this place.
 B = Non-inter-level travel time spent in this place.
 C = Inter-level travel time spent in this place.
 D = Time resting spent in this place.
 E = Time spent auto-exploring this place.
 F = Levels seen in this place.
 G = Mean time per level.
                   A        B        C        D        E       F      G
               +--------+--------+--------+--------+--------+-----+--------+
         Total |   1425 |   1408 |     17 |      0 |   1271 |   3 |  475.0 |
       Dungeon |   1369 |   1352 |     17 |      0 |   1217 |   2 |  684.5 |
         Abyss |     56 |     56 |      0 |      0 |     54 |   1 |   56.0 |
               +--------+--------+--------+--------+--------+-----+--------+

Top non-repeatable levels by time:
     D:1: 1335 daAuts
 Abyss:1: 56 daAuts
     D:2: 33 daAuts
